 Dungeon Crawl Stone Soup version 0.31.0-11-ge490571c62 (webtiles) character file.

Game seed: 10203348628233088780

324 qw the Shooter (level 6, 0/30 HPs)
             Began as a Spriggan Hunter on Feb 3, 2024.
             Slain by a black bear (3 damage)
             ... on level 4 of the Dungeon.
             The game lasted 00:00:11 (2815 turns).

qw the Shooter (Spriggan Hunter)                    Turns: 2815, Time: 00:00:11

Health: 0/30       AC:  4    Str:  7    XL:     6   Next: 23%
Magic:  7/7        EV: 26    Int: 10    God:
Gold:   66         SH:  0    Dex: 21    Spells: 5/5 levels left

rFire   + . .        a - +1 shortbow
rCold   . . .        (shield currently unavailable)
rNeg    . . .        c - +0 robe
rPois   .            (helmet restricted)
rElec   .            g - +1 cloak
rCorr   .            (gloves unavailable)
SInv    +            (boots unavailable)
Will    +....        (no amulet)
Stlth   ++           o - +5 ring of evasion
HPRegen 0.25/turn    l - ring of protection from fire
MPRegen 0.10/turn

%: no passive effects
@: about to teleport, very quick
A: very small, no large weapons, unfitting armour, see invisible, speed 3
a: no special abilities


You were on level 4 of the Dungeon.
You visited 1 branch of the dungeon, and saw 4 of its levels.

You collected 66 gold pieces.


Innate Abilities, Weirdness & Mutations

You are very small and have problems with some larger weapons.
You are too small for most types of armour.
You have supernaturally acute eyesight. (SInv)
You cover ground extremely quickly. (Speed+++)


   Skills:
 - Level 2.1 Fighting
 - Level 6.1 Ranged Weapons
 + Level 5.9 Dodging
 - Level 1.5 Stealth


You had 5 spell levels left.
You didn't know any spells.
Your spell library was empty.

Inventory:

Hand Weapons
 a - a +1 shortbow (weapon)
Armour
 c - a +0 robe (worn)
 g - a +1 cloak (worn)
Jewellery
 l - a ring of protection from fire (right hand)
 o - a +5 ring of evasion (left hand)
 Y - a ring of positive energy
Scrolls
 b - a scroll of amnesia {unknown}
Potions
 d - 2 potions of curing
 e - a potion of mutation {unknown}
 j - a potion of enlightenment

Dungeon Overview and Level Annotations

Branches:
Dungeon (4/15)
 Temple: D:4-7

Altars:
Fedhas
Nemelex Xobeh
Wu Jian

Shops:
D:1 (   D:3 =


Message History

The black bear misses you.
You shoot an arrow.
The arrow closely misses the black bear.
The black bear bites you. The black bear completely misses you.
The black bear claws you.
You shoot an arrow. The arrow hits the black bear.
The black bear is lightly wounded.
The black bear completely misses you. The black bear closely misses you.
The black bear completely misses you.
You shoot an arrow. The arrow barely misses the black bear.
The black bear completely misses you. The black bear claws you.
The black bear claws you but does no damage.
You shoot an arrow. The arrow hits the black bear!
The black bear is heavily wounded.
The black bear misses you. The black bear completely misses you.
The black bear closely misses you.
You shoot an arrow. The arrow hits the black bear.
The black bear is heavily wounded.
The black bear bites you.
The black bear completely misses you. x2
2812 ||| READING scroll of teleportation.
As you read the scroll of teleportation, it crumbles to dust.
You feel strangely unstable. The black bear misses you.
The black bear claws you. The black bear completely misses you.
You shoot an arrow. The arrow hits the black bear.
The black bear is severely wounded.
The black bear closely misses you.
The black bear claws you but does no damage.
The black bear claws you.
You shoot an arrow. The arrow hits the black bear.
The black bear is severely wounded.
You hear the brisk hiss of a very distant avalanche of sand.
The black bear goes berserk!
You shoot an arrow.
The arrow hits the black bear but does no damage.
The black bear is severely wounded.
The black bear bites you. The black bear barely misses you.
The black bear closely misses you. x2; The black bear barely misses you.
The black bear claws you.
You die...

.......... <........
........ ....... ##....#
.. .. .....###..
#.####h........
#.....@........
#....#......... ....
##...##........ >...
##...#......... .....
##.........(....# #.....
#.....#..........##.....
#.......##........#.....
##.......#..#.###.##....
#....#...#.#####...)....


You could see a black bear (berserk).

Vanquished Creatures
  A scorpion (D:4)
  A howler monkey (D:3)
  2 orc wizards
  5 gnolls
  5 adders
  A white imp (D:4)
  2 dart slugs (D:2)
  5 ribbon worms
  9 orcs
  2 endoplasms (D:1)
  2 giant cockroaches
  2 goblins (D:1)
  4 hobgoblins
  4 quokkas
  5 ball pythons
  6 bats
  7 frilled lizards
  2 kobolds (D:1)
  3 rats
68 creatures vanquished.

Notes
Turn   | Place    | Note
-------+----------+-------------------------------------------
     0 | D:1      | qw the Spriggan Hunter began the quest for the Orb.
     0 | D:1      | Reached XP level 1. HP: 10/10 MP: 2/2
     0 | D:1      | 0 ||| qw: Version: 0.3-a-157-g843a77d
     0 | D:1      | 0 ||| qw: Game counter: 3652
     0 | D:1      | 0 ||| qw: Melee chars always use a shield: true
     0 | D:1      | 0 ||| qw: God list: Okawaru
     0 | D:1      | 0 ||| qw: Allow faded altars: false
     0 | D:1      | 0 ||| qw: Do Orc after clearing Dungeon:15 true
     0 | D:1      | 0 ||| qw: Do second Lair branch before Depths: true
     0 | D:1      | 0 ||| qw: Lair rune preference: random
     0 | D:1      | 0 ||| qw: Goals: Normal
     0 | D:1      | 0 ||| PLANNING D:1-11
    36 | D:1      | Reached skill level 3 in Dodging
   165 | D:1      | Found Oluyz's Weapon Shop.
   189 | D:1      | Reached XP level 2. HP: 14/14 MP: 3/3
   411 | D:1      | Reached XP level 3. HP: 18/18 MP: 4/4
   667 | D:1      | 667 ||| UPGRADING to +0 cloak.
   672 | D:1      | 672 ||| READING scroll labelled EZUJUU KANUEPH.
   673 | D:1      | 673 ||| READING scroll labelled GAPHEOREPO.
   673 | D:1      | 673 ||| IDENTIFYING murky blue potion
   674 | D:1      | 674 ||| READING scroll labelled LUQUSU ROGY.
   675 | D:1      | 675 ||| DROPPING scroll of butterflies.
   934 | D:2      | Found a faded altar of an unknown god.
  1117 | D:2      | Reached skill level 5 in Ranged Weapons
  1117 | D:2      | Reached XP level 4. HP: 11/22 MP: 5/5
  1662 | D:2      | 1662 ||| UPGRADING to ring of positive energy.
  1663 | D:2      | 1663 ||| READING scroll labelled QUOLAZ GUDYLL.
  1808 | D:3      | Found an ornate altar of the Wu Jian Council.
  2100 | D:3      | Reached XP level 5. HP: 26/26 MP: 6/6
  2152 | D:3      | Found Nijyah's Jewellery Emporium.
  2158 | D:3      | 2158 ||| SHOPLISTING +5 ring of evasion (468 gold, have
                  | 40).
  2158 | D:3      | 2158 ||| SHOPLISTING amulet of guardian spirit (390 gold,
                  | have 40).
  2158 | D:3      | 2158 ||| SHOPLISTING amulet of regeneration (390 gold, have
                  | 40).
  2158 | D:3      | 2158 ||| SHOPLISTING ring of fire (325 gold, have 40).
  2211 | D:3      | Found a blossoming altar of Fedhas.
  2305 | D:3      | Found a sparkling altar of Nemelex Xobeh.
  2523 | D:3      | 2523 ||| UPGRADING to ring of protection from fire.
  2524 | D:3      | 2524 ||| UPGRADING to +5 ring of evasion.
  2526 | D:3      | 2526 ||| READING 3 scrolls of identify.
  2526 | D:3      | 2526 ||| IDENTIFYING bubbling white potion
  2527 | D:3      | 2527 ||| READING 2 scrolls of identify.
  2527 | D:3      | 2527 ||| IDENTIFYING ruby potion
  2528 | D:3      | 2528 ||| READING scroll of identify.
  2528 | D:3      | 2528 ||| IDENTIFYING metallic sapphire potion
  2529 | D:3      | 2529 ||| READING scroll labelled FISITELIAR.
  2529 | D:3      | 2529 ||| ENCHANTING +0 cloak.
  2530 | D:3      | 2530 ||| READING scroll labelled JUKUNW JIESANAO.
  2530 | D:3      | 2530 ||| ENCHANTING +0 shortbow.
  2531 | D:3      | 2531 ||| READING scroll labelled FUSUIRH PYTIM.
  2532 | D:3      | 2532 ||| DROPPING potion of lignification.
  2533 | D:3      | 2533 ||| DROPPING potion of ambrosia.
  2572 | D:4      | 2572 ||| PLANNING OSSUARY
  2578 | D:4      | 2578 ||| FLEEEEING.
  2579 | D:4      | 2579 ||| FLEEEEING.
  2580 | D:4      | 2580 ||| FLEEEEING.
  2581 | D:4      | 2581 ||| FLEEEEING.
  2582 | D:4      | 2582 ||| STAIRDANCE
  2605 | D:4      | 2605 ||| STAIRDANCE
  2612 | D:4      | 2612 ||| STAIRDANCE
  2623 | D:4      | 2623 ||| STAIRDANCE
  2651 | D:4      | 2651 ||| STAIRDANCE
  2663 | D:4      | 2663 ||| STAIRDANCE
  2706 | D:4      | Reached skill level 6 in Ranged Weapons
  2757 | D:4      | Reached XP level 6. HP: 30/30 MP: 7/7
  2811 | D:4      | HP: 7/30 [black bear (2)]
  2812 | D:4      | 2812 ||| READING scroll of teleportation.
  2815 | D:4      | HP: 3/30 [black bear (2)]
  2815 | D:4      | Slain by a black bear

Levels and vault maps discovered:
D:1:      saegor_arrival_under_anarchy, layout_loops_ring, serial_shops,
          nicolae_shop_bloodbath_and_beyond
D:2:      layout_basic, shapermc_ecumenical_altar_starsandcircs
D:3:      layout_loops_cross, nicolae_overflow_crystal_walls,
          nemelex_diamond_rough_becter, pdpol_wu_jian_five_deadly_venoms,
          serial_shops, nicolae_shop_window_shopping
D:4:      layout_cave_pools, gammafunk_temple_overflow_statue, enter_ossuary_4,
          abandoned_shop

Skill      XL: |  1  2  3  4  5 |
---------------+----------------+-----
Dodging        | 4 5 |  5.9
Ranged Weapons | 5 6 |  6.1
Fighting       | 2 |  2.1
Stealth        | |  1.5

Action                     |  1- 3 |  4- 6 || total
---------------------------+-------+-------++-------
   Fire: Shortbow          |   125 |   120 ||   245
    Use: Scroll            |     3 |     8 ||    11
 Armour: Robe              |    13 |    29 ||    42
  Dodge: Dodged            |    60 |    84 ||   144

Table legend:
 A = Non-vault XP
 B = Vault XP
 C = Vault XP percentage of total XP
 D = Non-vault monster count
 E = Vault monster count
 F = Vault count percentage of total count
                 A         B        C        D         E       F
            +---------+---------+-------+---------+---------+-------
      Total |     464 |       0 |   0.0 |      68 |       0 |   0.0
            +---------+---------+-------+---------+---------+-------
        D:1 |      43 |       0 |   0.0 |      20 |       0 |   0.0
        D:2 |      62 |       0 |   0.0 |      17 |       0 |   0.0
        D:3 |     219 |       0 |   0.0 |      22 |       0 |   0.0
        D:4 |     140 |       0 |   0.0 |       9 |       0 |   0.0
            +---------+---------+-------+---------+---------+-------
